 Dungeon Crawl Stone Soup version 0.26-a0-812-g31a745ddcd (webtiles) character file.

Game seed: 1432047812654496167

184 kae the Ruffian (level 5, -1/41 HPs)
             Began as a Draconian Transmuter on Nov 24, 2020.
             Slain by Grinder (3 damage)
             ... on level 3 of the Dungeon.
             The game lasted 00:02:08 (2968 turns).

kae the Ruffian (Draconian Transmuter)              Turns: 2968, Time: 00:02:09

Health: -1/41      AC:  2    Str: 14    XL:     5   Next: 36%
Magic:  0/8        EV: 20    Int: 19    God:
Gold:   151        SH:  0    Dex: 16    Spells: 0/9 levels left

rFire    + . .     SeeInvis .     - Unarmed
rCold    + . .     Faith    .   (shield currently unavailable)
rNeg     . . .     Spirit   +   (armour unavailable)
rPois    .         Reflect  .   (helmet currently unavailable)
rElec    +         Harm     .   (cloak currently unavailable)
rCorr    +         Rampage  .   (gloves currently unavailable)
MR       .....                  (boots currently unavailable)
Stlth    +.........             j - amulet of guardian spirit
HPRegen  0.13/turn              g - +6 ring of intelligence
MPRegen  0.11/turn              (no ring)

@: spider-form, resistant
A: tiny, unfitting armour, AC +5
a: End Transformation


You were on level 3 of the Dungeon.
You were a venomous arachnid creature.
You visited 1 branch of the dungeon, and saw 3 of its levels.

You collected 151 gold pieces.

Inventory:

Armour
 h - a +2 pair of gloves (melded)
Jewellery
 g - a +6 ring of intelligence (left front leg)
 j - an amulet of guardian spirit (around neck)
Wands
 c - a wand of acid (9)
Scrolls
 a - 2 scrolls of enchant armour
 b - 2 scrolls of teleportation
 e - 2 scrolls of identify
 f - 2 scrolls of magic mapping
Potions
 k - a potion of ambrosia
 l - 2 potions of berserk rage {unknown}


   Skills:
 + Level 2.2 Fighting
 + Level 2.4 Dodging
 * Level 4.2 Unarmed Combat
 + Level 2.6 Spellcasting
 * Level 3.4 Transmutations


You couldn't memorise any spells.
You knew the following spells:

 Your Spells              Type           Power        Failure   Level
a - Beastly Appendage     Tmut           ###...       13%         1
b - Spider Form           Tmut/Pois      #.........   45%         3
c - Blade Hands           Tmut           ###.......   88%         5

Your spell library contained the following spells:

 Spells                   Type           Power        Failure   Level
 Wereblood                Tmut           ###.....     17%         2
 Ice Form                 Ice/Tmut       #.......     80%         4


Dungeon Overview and Level Annotations

Branches:
Dungeon (3/15)

Altars:
Gozag

Annotations:
D:3 Grinder


Innate Abilities, Weirdness & Mutations

((Your plain brown scales are hard. (AC +5)))
You cannot fit into any form of body armour.
((You are cold-blooded and may be slowed by cold attacks.))


Message History

You turn into a venomous arachnid creature.
Your +2 pair of gloves melds into your body.
Grinder says, "Just stop there for a second..."
Grinder zaps a wand.
The puff of flame hits you!
You hit Grinder.
Grinder is poisoned.
Grinder is lightly wounded.
Grinder gestures at you. Pain shoots through your body!
You barely miss Grinder.
Grinder is moderately wounded.
Grinder hits you!
* * * LOW HITPOINT WARNING * * *
You writhe in agony.
* * * LOW HITPOINT WARNING * * *
You bite Grinder!
Grinder is heavily wounded.
It was a potion of resistance.
You feel protected. Grinder hits you.
You die...

...........##.#..#
....#####.....#)†#
.#### ##.#####..# .#
#.........# .#
#..######.# ## #..#
#.# #..# #.# #..# #.#
#..# #s# #..### #5#
#######..#.. ...
##........#.# ##.#.
#.......#.#.# #....
..........#.# ##. .#
..........#.### . .#
..............# .#.#
........#.#.#.......#


You could see Grinder (very poisoned).

Vanquished Creatures
  A bullfrog (D:2)
  A centaur skeleton (D:3)
  3 adders
  An ufetubus (D:3)
  3 worms (D:2)
  2 dart slugs (D:1)
  A leopard gecko (D:1)
  7 bats
  3 giant cockroaches
  3 goblins
  4 hobgoblins (D:1)
  3 jackals (D:2)
  11 kobolds
  4 ball pythons
  6 frilled lizards
  4 rats
57 creatures vanquished.

Notes
Turn   | Place    | Note
-------+----------+-------------------------------------------
     0 | D:1      | kae the Draconian Transmuter began the quest for the Orb.
     0 | D:1      | Reached XP level 1. HP: 16/16 MP: 3/3
   170 | D:1      | Reached XP level 2. HP: 22/23 MP: 3/5
  1089 | D:2      | Reached XP level 3. HP: 28/28 MP: 4/6
  1392 | D:2      | Found an opulent altar of Gozag.
  1583 | D:2      | Noticed a bullfrog
  1595 | D:2      | Learned a level 3 spell: Spider Form
  1614 | D:2      | Killed a bullfrog
  1614 | D:2      | Reached XP level 4. HP: 9/36 MP: 0/7
  2515 | D:3      | Reached skill level 4 in Unarmed Combat
  2599 | D:3      | Reached XP level 5. HP: 40/41 MP: 6/8
  2606 | D:3      | Learned a level 5 spell: Blade Hands
  2945 | D:3      | Noticed Grinder
  2958 | D:3      | Paralysed by Grinder for 6 turns
  2966 | D:3      | HP: 1/41 [Grinder (3)]
  2968 | D:3      | Slain by Grinder

Illustrated notes

Levels and vault maps discovered:
D:1:      roderic_chinese_lattice_arrival, layout_basic
D:2:      layout_basic, nicolae_gozag_cash_rules_everything_around_me
D:3:      layout_loops_ring, roderic_serpentine_path, uniq_grinder,
          uniq_sigmund, uniq_crazy_yiuf_cottage

Skill      XL: |  1  2  3  4 |
---------------+-------------+-----
Dodging        | 2 |  2.4
Fighting       | 2 |  2.2
Transmutations | 3 |  3.4
Unarmed Combat | 4 |  4.2
Spellcasting   | |  2.6

Action                   |  1- 3 |  4- 6 || total
-------------------------+-------+-------++-------
Melee: Unarmed           |    81 |    79 ||   160
       Tailslap          |     7 |     8 ||    15
       Kick              |    13 |    10 ||    23
       Headbutt          |     6 |     4 ||    10
       Punch             |       |     2 ||     2
 Cast: Beastly Appendage |    20 |    16 ||    36
       Spider Form       |     1 |     1 ||     2
  Use: Potion            |     2 |     1 ||     3
       Scroll            |       |     5 ||     5
 Stab: Sleeping          |       |     1 ||     1
Armor: Skin              |    25 |    36 ||    61
Dodge: Dodged            |    56 |    61 ||   117

Table legend: (Time is in decaauts)
 A = Elapsed time spent in this place.
 B = Non-inter-level travel time spent in this place.
 C = Inter-level travel time spent in this place.
 D = Time resting spent in this place.
 E = Time spent auto-exploring this place.
 F = Levels seen in this place.
 G = Mean time per level.
                   A        B        C        D        E       F      G
               +--------+--------+--------+--------+--------+-----+--------+
         Total |   2956 |   2820 |    136 |    210 |   2178 |   3 |  985.3 |
       Dungeon |   2956 |   2820 |    136 |    210 |   2178 |   3 |  985.3 |
               +--------+--------+--------+--------+--------+-----+--------+

Top non-repeatable levels by time:
     D:2: 1422 daAuts
     D:1: 1078 daAuts
     D:3: 455 daAuts
